 Dungeon Crawl Stone Soup version 0.27-a0-1301-g128193abf8 (webtiles) character file.

Game seed: 1169789450439990082

2955 porpoise the Fighter (level 9, -2/71 (74) HPs)
             Began as a Demonspawn Fighter on June 18, 2021.
             Was a Follower of Yredelemnul.
             Slain by a two-headed ogre (11 damage)
             ... on level 8 of the Dungeon.
             The game lasted 00:26:00 (9534 turns).

porpoise the Fighter (Demonspawn Fighter)           Turns: 9534, Time: 00:26:02

HP:   -2/71 (74)    AC: 13    Str: 27    XL:     9   Next: 52%
MP:   12/12         EV: 14    Int: 10    God:    Yredelemnul [*.....]
Gold: 414           SH:  6    Dex: 13    Spells: 8/8 levels left

rFire    . . .     SeeInvis .   a - +0 trident
rCold    . . .     Faith    .   m - +1 buckler
rNeg     + . .     Spirit   .   M - +0 chain mail
rPois    +         Reflect  .   d - +0 hat of Patterns {rPois Str+2}
rElec    .         Harm     .   (no cloak)
rCorr    .         Rampage  .   u - +0 pair of gloves "Tonla" {rN+}
Will     .....                  y - +0 pair of boots
Stlth    ..........             (no amulet)
HPRegen  0.21/turn              F - +4 ring of evasion
MPRegen  0.13/turn              K - +6 ring of strength

@: lightly drained
A: horns 2, icy blue scales 1, powered by death 1, demonic magic 1
a: Renounce Religion, Animate Remains


You were on level 8 of the Dungeon.
You worshipped Yredelemnul.
Yredelemnul was aware of your devotion.
You visited 2 branches of the dungeon, and saw 9 of its levels.

You collected 414 gold pieces.

Inventory:

Hand Weapons
 a - a +0 trident (weapon)
 b - a +2 hunting sling of freezing
Missiles
 e - 226 stones (quivered)
 f - 52 arrows
 x - 5 atropa-tipped darts
 z - 4 boomerangs
Armour
 c - a +0 kite shield
 d - the +0 hat of Patterns (worn) {rPois Str+2}
   (You acquired it on level 4 of the Dungeon)

   It affects your strength (+2).
   It protects you from poison.
 m - a +1 buckler (worn)
 u - the +0 pair of gloves "Tonla" (worn) {rN+}
   (You found it on level 4 of the Dungeon)

   It protects you from negative energy.
 y - a +0 pair of boots (worn)
 M - a +0 chain mail (worn)
Magical Staves
 q - a staff of earth
Jewellery
 F - a +4 ring of evasion (left hand)
 K - a +6 ring of strength (right hand)
Wands
 j - a wand of flame (15)
 p - a wand of iceblast (2)
 I - a wand of acid (7)
 J - a wand of mindburst (17)
Scrolls
 g - 2 scrolls of noise
 i - a scroll of teleportation
 k - a scroll of fog
 l - a scroll of immolation
 o - 2 scrolls of fear
 r - 2 scrolls of holy word {unknown}
 B - a scroll of enchant armour
 D - a scroll of blinking
 H - a scroll of brand weapon {unknown}
 L - a scroll of enchant weapon {unknown}
Potions
 h - 4 potions of flight
 n - 2 potions of berserk rage
 s - 3 potions of magic
 t - 2 potions of cancellation
 v - 2 potions of brilliance
 w - a potion of mutation {unknown}
 A - 4 potions of curing
 E - 3 potions of haste
 G - a potion of heal wounds {unknown}


   Skills:
 + Level 8.1 Fighting
 - Level 6.0 Polearms
 - Level 2.6 Armour
 - Level 5.0 Dodging
 - Level 4.0 Shields
 - Level 5.0 Invocations
 + Level 4.4 Evocations


You had 8 spell levels left.
You didn't know any spells.
Your spell library contained the following spells:

 Spells                   Type           Power      Damage    Failure   Level
 Animate Skeleton         Necr           0%         N/A       93%         1
 Beastly Appendage        Tmut           0%         N/A       93%         1
 Pain                     Necr           0%         1d4       93%         1
 Wereblood                Tmut           0%         N/A       98%         2
 Spider Form              Tmut/Pois      0%         N/A       100%        3
 Vampiric Draining        Necr           0%         2d6       100%        3
 Animate Dead             Necr           0%         N/A       100%        4
 Ice Form                 Ice/Tmut       0%         N/A       100%        4
 Agony                    Necr           0%         N/A       100%        5


Dungeon Overview and Level Annotations

Branches:
Dungeon (8/15)             Temple (1/1) D:4
   Lair: D:8-11

Altars:
Ashenzari
Cheibriados
Dithmenos
Elyvilon
Gozag
Hepliaklqana
Kikubaaqudgha
Makhleb
Nemelex Xobeh
Okawaru
Qazlal
Ru
Sif Muna
Trog
Uskayaw
Vehumet
Wu Jian
Xom
Yredelemnul
Zin

Annotations:
D:4 2 transporters
D:7 2 runed translucent doors, trckry's ghost, novice BaWr


Innate Abilities, Weirdness & Mutations

You have a pair of horns on your head.
You are partially covered in icy blue scales. (AC +2)
You regenerate a little health from kills.
Spells you cast may paralyse adjacent enemies.


Message History

The two-headed ogre is moderately wounded.
The two-headed ogre hits you with a +0 giant club!
The two-headed ogre barely misses you.
You hit the two-headed ogre.
You headbutt the two-headed ogre, but do no damage.
The two-headed ogre is heavily wounded.
The orc complains repeatedly.
The two-headed ogre hits you with a +0 giant club!!
The two-headed ogre hits you with a +0 giant spiked club!
You are too injured to fight recklessly!
You are too injured to fight recklessly!
You barely miss the two-headed ogre.
The two-headed ogre is moderately wounded.
You block the two-headed ogre's attack.
The two-headed ogre hits you with a +0 giant spiked club.
You puncture the two-headed ogre!
The two-headed ogre is severely wounded.
You hit the two-headed ogre but do no damage.
You headbutt the two-headed ogre!
The two-headed ogre is almost dead.
You block the two-headed ogre's attack. The two-headed ogre closely misses you.
You hit the two-headed ogre.
Your headbutt misses the two-headed ogre.
The two-headed ogre is almost dead.
The two-headed ogre hits you with a +0 giant club!
* * * LOW HITPOINT WARNING * * *
The two-headed ogre closely misses you.
You closely miss the two-headed ogre.
The two-headed ogre is almost dead.
The two-headed ogre hits you with a +0 giant club!
* * * LOW HITPOINT WARNING * * *
The two-headed ogre closely misses you.
You feel better.
You barely miss the two-headed ogre.
You headbutt the two-headed ogre, but do no damage.
The two-headed ogre is almost dead.
The two-headed ogre barely misses you.
The two-headed ogre hits you with a +0 giant spiked club!
You die...
Your body rises from the dead as a mindless zombie.

...........[...#
##############.##
#..# ##.##
#...########
##.#.#......# #
#..#...# #
##.###.## .
#..##@.# .#
##.###O## .. #..#
.o# #.# ##.###.##
.. #..# .. ##.#
##.###.# # ..
#..# .. ###.##
##.###.# .##..#
#..#


You could see a two-headed ogre and an orc.

Vanquished Creatures
  Pikel (D:7)
  Grinder (D:5)
  A wraith (D:7)
  A wyvern (D:7)
  An acid dragon (D:8)
  The ghost of quinnr the Conjurer, an amateur TeCj (D:4)
  An orc warrior (D:7)
  A sky beast (D:5)
  3 ogres
  A necrophage (D:5)
  2 lemures (D:7)
  4 bullfrogs
  Blork the orc (D:4)
  2 scorpions (D:5)
  3 wights (D:8)
  A jelly (D:4)
  3 orc priests
  2 bullfrog skeletons (D:5)
  A gnoll shaman (D:4)
  2 hounds (D:5)
  2 iguanas
  A scorpion zombie (D:3)
  2 orc wizards (D:7)
  A hound skeleton (D:4)
  A howler monkey zombie (D:7)
  3 adders
  16 gnolls
  A howler monkey skeleton (D:7)
  2 shadow imps
  A white imp (D:5)
  An ufetubus (D:7)
  A worm (D:2)
  3 dart slugs
  15 orcs
  7 endoplasms
  6 hobgoblins
  4 jackals (D:1)
  4 quokkas
  7 ball pythons
  3 bats
  5 frilled lizards
  10 goblins
  9 kobolds
  7 rats
145 creatures vanquished.

Vanquished Creatures (collateral kills)
  A wight (D:8)
1 creature vanquished.

Vanquished Creatures (others)
  An acid dragon zombie (D:8)
1 creature vanquished.

Grand Total: 147 creatures vanquished

Notes
Turn   | Place    | Note
-------+----------+-------------------------------------------
     0 | D:1      | porpoise the Demonspawn Fighter began the quest for the
                  | Orb.
     0 | D:1      | Reached XP level 1. HP: 18/18 MP: 1/1
   132 | D:1      | You fall into a shaft and drop 1 floor!
   394 | D:1      | Gained mutation: You have a pair of small horns on your
                  | head. [demonic ancestry]
   394 | D:1      | Reached XP level 2. HP: 21/24 MP: 2/2
   806 | D:1      | Reached XP level 3. HP: 30/30 MP: 3/3
  1209 | D:2      | Found a faded altar of an unknown god.
  1889 | D:3      | Found a shimmering altar of Xom.
  1967 | D:3      | Reached skill level 4 in Fighting
  1970 | D:3      | Gained mutation: You are partially covered in icy blue
                  | scales. (AC +2) [demonic ancestry]
  1970 | D:3      | Reached XP level 4. HP: 22/37 MP: 4/4
  2556 | D:3      | Found a shimmering blue altar of Sif Muna.
  2776 | D:3      | Noticed a bullfrog
  2818 | D:3      | Killed a bullfrog
  2819 | D:3      | Reached XP level 5. HP: 12/43 MP: 5/5
  3295 | D:3      | Reached skill level 5 in Fighting
  3502 | D:4      | Found a runed translucent door.
  3516 | D:4      | Identified a scroll of acquirement
  3516 | D:4      | Acquired the +0 hat of Patterns {rPois Str+2}
  3578 | D:4      | Noticed Blork the orc
  3581 | D:4      | Killed Blork the orc
  3582 | D:4      | Reached XP level 6. HP: 41/51 MP: 6/6
  4164 | D:4      | Found a staircase to the Ecumenical Temple.
  4174 | Temple   | Entered the Ecumenical Temple
  4314 | Temple   | Became a worshipper of Yredelemnul the Dark
  4391 | D:4      | Noticed a kobold demonologist
  4393 | D:4      | Found a transporter.
  4427 | D:4      | Found a transporter.
  4484 | D:4      | Found a stormy altar of Qazlal.
  4835 | D:4      | Identified the +0 pair of gloves "Tonla" {rN+}
  4859 | D:4      | Found an ancient bone altar of Kikubaaqudgha.
  5035 | D:4      | Noticed quinnr's ghost (amateur TeCj)
  5287 | D:4      | Reached skill level 6 in Fighting
  5287 | D:4      | Reached skill level 5 in Polearms
  5287 | D:4      | Gained mutation: Spells you cast may paralyse adjacent
                  | enemies. [demonic ancestry]
  5287 | D:4      | Reached XP level 7. HP: 46/58 MP: 7/7
  5501 | D:4      | Killed quinnr's ghost
  5603 | D:5      | Entered Level 5 of the Dungeon
  6073 | D:5      | Noticed Grinder
  6078 | D:5      | Paralysed by Grinder for 3 turns
  6082 | D:5      | Killed Grinder
  6083 | D:5      | Reached skill level 7 in Fighting
  6083 | D:5      | Reached skill level 1 in Dodging
  6083 | D:5      | Gained mutation: You have a pair of horns on your head.
                  | [demonic ancestry]
  6083 | D:5      | Reached XP level 8. HP: 67/67 MP: 8/8
  6381 | D:5      | Reached * piety under Yredelemnul
  6401 | D:5      | Reached skill level 1 in Invocations
  6539 | D:5      | Found a hazy altar of Hepliaklqana.
  7441 | D:6      | Found a radiant altar of Vehumet.
  7543 | D:7      | Reached skill level 5 in Invocations
  7805 | D:7      | Reached skill level 5 in Dodging
  7805 | D:7      | Reached skill level 1 in Evocations
  7805 | D:7      | Gained mutation: You regenerate a little health from kills.
                  | [demonic ancestry]
  7805 | D:7      | Reached XP level 9. HP: 48/72 MP: 12/12
  8179 | D:7      | Noticed Pikel
  8204 | D:7      | Killed Pikel
  8738 | D:7      | Found a large runed translucent door.
  8738 | D:7      | Found a large runed translucent door.
  8740 | D:7      | Noticed trckry's ghost (novice BaWr)
  9142 | D:8      | Reached skill level 8 in Fighting
  9523 | D:8      | Noticed a two-headed ogre
  9532 | D:8      | HP: 2/71 [two-headed ogre (15)]
  9534 | D:8      | Slain by a two-headed ogre

Illustrated notes

Levels and vault maps discovered:
D:1:      dpeg_arrival_simpleton_c, layout_loops_ring, minmay_split_cup_large
D:2:      layout_loops_ring, hellmonk_ecumenical_altar_crossroads,
          nrook_loot_triangle, eino_curves_02
D:3:      layout_basic, nicolae_overflow_crystal_walls,
          gammafunk_temple_overflow_elements, chequers_serial_rivers_small_3,
          minmay_fractal_squares_diagonal_5
D:4:      gammafunk_wand_slinger, layout_basic,
          nicolae_kikubaaqudgha_miasma_corner, kennysheep_little_box,
          minmay_temple_entry_poolview, ebering_ghost_sewer_d,
          uniq_blork_the_orc
D:5:      layout_cave_pools, nicolae_hepliaklqana_hippocampus, uniq_grinder
D:6:      layout_cave_pools, lemuel_coloured_pillars_altar,
          minmay_misc_feat_four_crosses
D:7:      layout_rooms, ebering_ghost_disaster_area, uniq_pikel
D:8:      layout_loops_ring, nicolae_tso_swordbearing_angel,
          nicolae_benzene_ring
Temple:   dshaligram_water_room_temple

Skill      XL: |  1  2  3  4  5  6  7  8  9 |
---------------+----------------------------+-----
Polearms       | 2 3 4 5 6 |  6.0
Fighting       | 4 5 6 7 8 |  8.1
Dodging        | 1 5 |  5.0
Shields        | 3 4 |  4.0
Invocations    | 5 |  5.0
Evocations     | 1 4 |  4.4
Armour         | |  2.6

Action                   |  1- 3 |  4- 6 |  7- 9 || total
-------------------------+-------+-------+-------++-------
Melee: Trident           |   133 |   145 |   298 ||   576
       Headbutt          |    14 |    22 |    61 ||    97
 Fire: Hunting sling     |       |       |    12 ||    12
Throw: Stone             |       |       |     1 ||     1
Invok: Animate Remains   |       |       |     1 ||     1
Evoke: Wand              |       |     2 |     3 ||     5
  Use: Potion            |     1 |     2 |     1 ||     4
       Scroll            |       |     7 |     7 ||    14
Armor: Scale mail        |    34 |    49 |    89 ||   172
Dodge: Dodged            |    19 |    51 |   143 ||   213
Block: Kite shield       |    22 |       |       ||    22
       Buckler           |     9 |    28 |    58 ||    95

Table legend: (Time is in decaauts)
 A = Elapsed time spent in this place.
 B = Non-inter-level travel time spent in this place.
 C = Inter-level travel time spent in this place.
 D = Time resting spent in this place.
 E = Time spent auto-exploring this place.
 F = Levels seen in this place.
 G = Mean time per level.
                   A        B        C        D        E       F      G
               +--------+--------+--------+--------+--------+-----+--------+
         Total |   9629 |   9359 |    270 |   3533 |   4282 |   9 | 1069.9 |
       Dungeon |   9479 |   9248 |    231 |   3533 |   4173 |   8 | 1184.9 |
        Temple |    149 |    110 |     39 |      0 |    109 |   1 |  149.0 |
               +--------+--------+--------+--------+--------+-----+--------+

Top non-repeatable levels by time:
     D:4: 2027 daAuts
     D:3: 1634 daAuts
     D:7: 1506 daAuts
     D:2: 1338 daAuts
     D:5: 1079 daAuts
     D:1: 757 daAuts
     D:8: 575 daAuts
     D:6: 560 daAuts
  Temple: 149 daAuts
